 Dungeon Crawl Stone Soup version 0.28.0-53-g5a82cb258f (webtiles) character file.

Game seed: 15679619252515811550

20 styxcanada the Sneak (level 2, -2/15 HPs)
             Began as a Spriggan Brigand on July 3, 2022.
             Killed from afar by a dart slug (3 damage)
             ... with a slug dart
             ... on level 1 of the Dungeon.
             The game lasted 00:01:28 (496 turns).

styxcanada the Sneak (Spriggan Brigand)              Turns: 496, Time: 00:01:28

Health: -2/15      AC:  3    Str:  7    XL:     2   Next: 58%
Magic:  3/3        EV: 16    Int: 12    God:
Gold:   16         SH:  0    Dex: 16    Spells: 1/1 levels left

rFire   . . .      SeeInvis +   a - +2 dagger
rCold   . . .      Faith    .   (no shield)
rNeg    . . .      Spirit   .   b - +0 robe
rPois   .          Reflect  .   (helmet restricted)
rElec   .          Harm     .   c - +0 cloak
rCorr   .          Rampage  .   (gloves unavailable)
Will    .....                   (boots unavailable)
Stlth   +++.......              (no amulet)
HPRegen 0.05/turn               (no ring)
MPRegen 0.08/turn               (no ring)

@: very quick
A: very small, no large weapons, unfitting armour, see invisible, speed 3
a: no special abilities


You were on level 1 of the Dungeon.
You visited 1 branch of the dungeon, and saw 1 of its levels.

You collected 16 gold pieces.

Inventory:

Hand Weapons
 a - a +2 dagger (weapon)
Missiles
 d - 8 poisoned darts (quivered)
 e - 2 curare-tipped darts
Armour
 b - a +0 robe (worn)
 c - a +0 cloak (worn)
Scrolls
 f - a scroll of fear {unknown}
Potions
 g - a potion of curing {unknown}


   Skills:
 + Level 1.8 Fighting
 + Level 2.2 Short Blades
 + Level 2.0 Throwing
 + Level 1.5 Dodging
 + Level 6.8 Stealth


You had one spell level left.
You didn't know any spells.
Your spell library was empty.

Dungeon Overview and Level Annotations

Branches:
Dungeon (1/15)

Altars:


Innate Abilities, Weirdness & Mutations

You are very small and have problems with some larger weapons.
You are too small for most types of armour.
You have supernaturally acute eyesight. (SInv)
You cover ground extremely quickly. (Speed+++)


Message History

The dart slug bites you but does no damage.
The kobold closely misses you. The jackal closely misses you.
You hit the kobold but do no damage.
The kobold is moderately wounded.
The jackal closely misses you. The kobold hits you with a +0 whip.
The dart slug bites you.
You barely miss the kobold.
The kobold is moderately wounded.
The jackal closely misses you. The kobold closely misses you.
You hit the kobold.
The kobold is severely wounded.
The jackal bites you. The dart slug launches a dart at you.
The slug dart misses you. The kobold completely misses you.
The jackal closely misses you.
You closely miss the kobold.
The kobold is severely wounded.
The jackal barely misses you. The kobold closely misses you.
The dart slug misses you.
You hit the kobold.
You kill the kobold!
The jackal closely misses you. The jackal completely misses you.
You see here a +0 whip.
You hit the jackal.
The jackal is severely wounded.
The jackal misses you.
You hit the jackal.
The jackal is almost dead.
The jackal completely misses you. The dart slug launches a dart at you.
The slug dart hits you.
* * * LOW HITPOINT WARNING * * *
You hit the jackal but do no damage.
The jackal is almost dead.
The jackal misses you. x2; The dart slug bites you.
* * * LOW HITPOINT WARNING * * *
The dart slug launches a dart at you. The slug dart hits you.
You die...

#.........#####.# .#..
#.........##....##!=.#
#.....).........#..)# .
#.........##......# #..
##.........##.....###....
...........##.........##.
.....#....###...w........
.......#.|..###....†.....#
#.#+## #.....@..h..........
#
#.#.####....###...........#
#.##.#.........#
#............
#........##....#
#.......####.
.........#####.# #.........
#........# #.# #..........
#........#####+#########....
#..................# ...
#..................#


You could see a dart slug and a jackal.

Vanquished Creatures
  2 endoplasms (D:1)
  3 goblins (D:1)
  A hobgoblin (D:1)
  2 jackals (D:1)
  2 quokkas (D:1)
  5 ball pythons (D:1)
  2 kobolds (D:1)
17 creatures vanquished.

Notes
Turn   | Place    | Note
-------+----------+-------------------------------------------
     0 | D:1      | styxcanada the Spriggan Brigand began the quest for the
                  | Orb.
     0 | D:1      | Reached XP level 1. HP: 10/10 MP: 2/2
    51 | D:1      | Reached skill level 6 in Stealth
    87 | D:1      | Reached XP level 2. HP: 14/15 MP: 3/3
   290 | D:1      | Found a faded altar of an unknown god.
   496 | D:1      | Killed from afar by a dart slug

Illustrated notes

Levels and vault maps discovered:
D:1:      lightli_arrival_noodles, layout_basic,
          dreamdust_ecumenical_altar_angels_and_demons, minmay_tetromino_t4

Skill      XL: |  1 |
---------------+----+-----
Stealth        | 6 |  6.8
Fighting       | |  1.8
Short Blades   | |  2.2
Throwing       | |  2.0
Dodging        | |  1.5

Action                   || total
-------------------------++-------
Melee: Dagger            ||    59
 Stab: Sleeping          ||     3
Armor: Robe              ||    12
Dodge: Dodged            ||    58
